 Dungeon Crawl Stone Soup version 0.26-a0-812-g31a745ddcd (webtiles) character file.

Game seed: 1741223998857685426

8591 funkygono the Basher (level 11, -4/84 HPs)
             Began as a Demonspawn Gladiator on Nov 15, 2020.
             Was an Initiate of Ru.
             Slain by a seven-headed hydra (6 damage)
             ... on level 1 of the Lair of Beasts on Nov 16, 2020.
             The game lasted 00:32:47 (12940 turns).

funkygono the Basher (Demonspawn Gladiator)        Turns: 12940, Time: 00:32:48

Health: -4/84      AC: 20    Str: 17    XL:     11   Next: 11%
Magic:  11/11      EV: 18    Int:  9    God:    Ru [......]
Gold:   557        SH:  0    Dex: 16    Spells: 9/10 levels left

rFire    + . .     SeeInvis .   b - +1 shortbow (freeze)
rCold    . . .     Faith    .   (shield currently unavailable)
rNeg     . . .     Spirit   .   Q - +3 ring mail
rPois    .         Reflect  .   c - +2 helmet
rElec    .         Harm     .   h - +1 cloak
rCorr    .         Rampage  .   (no gloves)
MR       .....                  K - +0 pair of boots
Stlth    ..........             q - amulet of regeneration (curse)
HPRegen  0.64/turn              D - +4 ring of protection
MPRegen  0.12/turn              x - +4 ring of evasion

@: no status effects
A: claws 1, hooves 1, fire resistance 1, spiny 1, flame cloud immunity, no
stealth
a: Renounce Religion


You were on level 1 of the Lair of Beasts.
You worshipped Ru.
Ru was noncommittal.
You visited 3 branches of the dungeon, and saw 10 of its levels.
You also visited: Ossuary.

You collected 557 gold pieces.

Inventory:

Hand Weapons
 a - the +7 broad axe of Gallantry {protect, rC+++ Int+5 Dex-2}
   (You found it on level 7 of the Dungeon)

   It grants its wielder temporary protection when it strikes (+7 to AC).
   It affects your intelligence (+5).
   It affects your dexterity (-2).
   It renders you almost immune to cold.
 b - a +1 shortbow of freezing (weapon)
 M - a +3 flail
Missiles
 p - 196 arrows (quivered)
Armour
 c - a +2 helmet (worn)
 h - a +1 cloak (worn)
 K - a +0 pair of boots (worn)
 Q - a +3 ring mail (worn)
Magical Staves
 s - an uncursed staff of air
Jewellery
 d - an uncursed ring of magical power
 o - an uncursed ring of protection from fire
 q - a cursed amulet of regeneration (around neck)
 x - a +4 ring of evasion (right claw)
 D - a +4 ring of protection (left claw)
 F - an uncursed ring of magical power
 I - an uncursed amulet of guardian spirit
Wands
 u - a wand of disintegration (10)
 P - a wand of enslavement (9)
 R - a wand of flame (10)
Scrolls
 f - a scroll of amnesia
 z - 6 scrolls of remove curse
 J - a scroll of blinking
 T - 3 scrolls of teleportation
Potions
 e - a potion of berserk rage
 g - a potion of invisibility
 i - 3 potions of attraction
 j - a potion of haste {unknown}
 l - 4 potions of curing
 m - 3 potions of flight
 n - a potion of lignification
 t - 3 potions of mutation {unknown}
 H - 2 potions of cancellation
 O - a potion of heal wounds


   Skills:
 + Level 7.4 Fighting
 + Level 2.7(6.8) Axes
 + Level 9.8(10.0) Maces & Flails
 + Level 7.7 Bows
 - Level 1.7 Throwing
 + Level 5.8 Armour
 + Level 4.9 Dodging
 + Level 0.2 Spellcasting
 + Level 0.1 Transmutations
 + Level 0.2 Poison Magic


You had 9 spell levels left.
You knew the following spells:

 Your Spells              Type           Power        Failure   Level
a - Sting                 Tmut/Pois      #...         54%         1

Your spell library contained the following spells:

 Spells                   Type           Power        Failure   Level
 Poisonous Vapours        Pois/Air       #.....       69%         2
 Ignite Poison            Fire/Tmut/Pois #.......     89%         3
 Mephitic Cloud           Conj/Pois/Air  #.......     90%         3
 Confusing Touch          Hex            #.......     91%         3
 Gell's Gravitas          Tloc           #.........   91%         3
 Olgreb's Toxic Radiance  Pois           #.......     99%         4
 Petrify                  Tmut/Erth      #.......     100%        4
 Bolt of Magma            Conj/Fire/Erth #.........   100%        5
 Irradiate                Conj/Tmut      #.........   100%        5
 Iskenderun's Battlesphe  Conj           #.......     100%        5
 Metabolic Englaciation   Hex/Ice        #.........   100%        5
 Yara's Violent Unravell  Hex/Tmut       #.........   100%        5


Dungeon Overview and Level Annotations

Branches:
Dungeon (8/15)             Temple (1/1) D:7            Lair (1/6) D:8
Ossuary (visited)

Altars:
Ashenzari
Cheibriados
Dithmenos
Elyvilon
Fedhas
Gozag
Hepliaklqana
Kikubaaqudgha
Makhleb
Nemelex Xobeh
Okawaru
Qazlal
Ru
Sif Muna
Trog
Uskayaw
Vehumet
Wu Jian
Xom
Yredelemnul
Zin
The Shining One


Innate Abilities, Weirdness & Mutations

You have sharp fingernails.
You have large cloven feet.
Your flesh is heat resistant. (rF+)
You are partially covered in sharp spines.
You are immune to clouds of flame.
You cannot be stealthy.


Message History

The seven-headed hydra misses you.
The seven-headed hydra completely misses you.
The seven-headed hydra bites you but does no damage.
The seven-headed hydra completely misses you.
The seven-headed hydra bites you!
* * * LOW HITPOINT WARNING * * *
Firing (i - inventory)
p - 197 arrows (quivered)
Press: ? - help, Shift-Dir - straight line, f - you, p - seven-headed hydra
Okay, then.
Firing (i - inventory)
p - 197 arrows (quivered)
Press: ? - help, Shift-Dir - straight line, f/p - seven-headed hydra
Aim: a seven-headed hydra (heavily wounded)
You shoot an arrow. The arrow hits the seven-headed hydra.
The arrow freezes the seven-headed hydra.
The seven-headed hydra is heavily wounded.
The seven-headed hydra misses you.
The seven-headed hydra barely misses you.
The seven-headed hydra bites you but does no damage. x2
The seven-headed hydra bites you.
You die...

#..................##.. .....
#....................#.. .....
#.#.###................. ....###
..#..#.....#............ #...#.
##..#.........#......... #...
###..................... #...
##..#................. ##..
##..#.....#.............P###...
###.........##.D@.....##.......##
#....#...............####....####
##.#.#...............# #..## #
.(.##..#..............###..P #
.#.####.................#..## ##
##..# ###.....#.....##......####.
##..#####.....#....## #..........
.....#.#.......##..#####....(....
.........###....#...##....#......


You could see a seven-headed hydra.

Vanquished Creatures
  A centaur warrior (D:8)
  A death knight (D:7)
  A two-headed ogre (D:8)
  A cane toad (Lair:1)
  A rime drake (Lair:1)
  A komodo dragon (Lair:1)
  A hornet (D:7)
  6 yaks (Lair:1)
  Menkaure (D:7)
  Edmund (D:5)
  3 ice beasts
  2 black bears (D:7)
  2 hornet zombies
  4 orc warriors
  2 phantoms
  6 centaurs
  A necrophage (D:7)
  A big kobold (D:7)
  9 bullfrogs
  A water moccasin skeleton (D:6)
  7 scorpions
  8 wights
  2 howler monkeys
  A bullfrog zombie (D:5)
  A centaur zombie (D:7)
  4 crimson imps (D:4)
  3 orc priests
  A bullfrog skeleton (D:6)
  2 hounds
  3 jellies
  9 orc wizards
  Terence (D:2)
  3 worker ants
  4 big kobold zombies (Ossuary)
  3 mummies (Ossuary)
  A howler monkey zombie (D:7)
  2 worker ant zombies
  6 gnolls
  11 adders
  5 scorpion zombies (Ossuary)
  3 shadow imps
  2 white imps
  An ufetubus (D:6)
  3 oozes
  3 adder zombies
  2 worms (D:3)
  4 leopard geckos
  28 orcs
  9 giant cockroaches
  12 goblins
  9 hobgoblins
  8 jackals
  16 kobolds
  8 quokkas
  2 ball pythons
  11 bats
  3 frilled lizards
  2 goblin zombies (Ossuary)
  2 hobgoblin zombies (Ossuary)
  A kobold zombie (Ossuary)
  3 orc zombies (Ossuary)
  9 rats
264 creatures vanquished.

Vanquished Creatures (others)
  A scorpion (Ossuary)
  A goblin zombie (Ossuary)
  A kobold zombie (Ossuary)
  A fungus (Lair:1)
4 creatures vanquished.

Grand Total: 268 creatures vanquished

Notes
Turn   | Place    | Note
-------+----------+-------------------------------------------
     0 | D:1      | funkygono the Demonspawn Gladiator began the quest for the
                  | Orb.
     0 | D:1      | Reached XP level 1. HP: 16/16 MP: 1/1
   592 | D:1      | Gained mutation: Your flesh is heat resistant. (rF+)
                  | [demonic ancestry]
   592 | D:1      | Reached XP level 2. HP: 22/22 MP: 2/2
   595 | D:1      | Reached skill level 3 in Maces & Flails
  1007 | D:1      | Gained mutation: You have large cloven feet. [demonic
                  | ancestry]
  1007 | D:1      | Reached XP level 3. HP: 27/27 MP: 3/3
  1593 | D:2      | Reached skill level 1 in Armour
  1672 | D:2      | Found an iron altar of Okawaru.
  1759 | D:2      | Noticed Terence
  1767 | D:2      | Killed Terence
  1767 | D:2      | Gained mutation: You are immune to clouds of flame.
                  | [demonic ancestry]
  1767 | D:2      | Reached XP level 4. HP: 32/34 MP: 4/4
  2580 | D:3      | Reached skill level 4 in Maces & Flails
  2580 | D:3      | Reached XP level 5. HP: 34/39 MP: 5/5
  4004 | D:4      | Found a sand-covered staircase.
  4013 | Ossuary  | Entered an ossuary
  4039 | Ossuary  | Reached XP level 6. HP: 39/47 MP: 6/6
  4346 | Ossuary  | Reached skill level 5 in Maces & Flails
  4474 | Ossuary  | Reached XP level 7. HP: 46/52 MP: 7/7
  4847 | Ossuary  | Reached skill level 6 in Maces & Flails
  5618 | D:4      | Found a shimmering altar of Xom.
  5951 | D:5      | Entered Level 5 of the Dungeon
  6002 | D:5      | Gained mutation: You have sharp fingernails. [demonic
                  | ancestry]
  6002 | D:5      | Reached XP level 8. HP: 55/60 MP: 8/8
  6106 | D:5      | Reached skill level 7 in Maces & Flails
  6139 | D:5      | Found a shadowy altar of Dithmenos.
  6387 | D:5      | Noticed Edmund
  6404 | D:5      | Killed Edmund
  6615 | D:5      | Reached skill level 1 in Bows
  7047 | D:6      | Reached skill level 8 in Maces & Flails
  7264 | D:6      | Reached skill level 5 in Fighting
  7297 | D:6      | Gained mutation: You are partially covered in sharp spines.
                  | [demonic ancestry]
  7297 | D:6      | Reached XP level 9. HP: 67/68 MP: 9/9
  7545 | D:6      | Found a bloodstained altar of Trog.
  8235 | D:7      | Paralysed by a hornet for 1 turns
  8849 | D:7      | Noticed a death knight
  9375 | D:7      | Reached skill level 9 in Maces & Flails
  9375 | D:7      | Reached skill level 5 in Bows
  9562 | D:7      | Reached XP level 10. HP: 59/77 MP: 10/10
  9618 | D:7      | Identified the +5 executioner's axe of Zof Zao {drain,
                  | rElec rF+ MR+}
  9870 | D:7      | Noticed Menkaure
  9878 | D:7      | Killed a death knight
  9914 | D:7      | Killed Menkaure
 10149 | D:7      | Found a staircase to the Ecumenical Temple.
 10215 | D:7      | Got a fine broad axe
 10258 | D:7      | Identified Vehumet's Guide on Confrontation
 10506 | Temple   | Entered the Ecumenical Temple
 10601 | Temple   | Became a worshipper of Ru the Awakened
 10775 | D:7      | Identified the +7 broad axe of Gallantry {protect, rC+++
                  | Int+5 Dex-2} (You found it on level 7 of the Dungeon)
 10894 | D:8      | Reached skill level 5 in Armour
 11080 | D:8      | Found a staircase to the Lair.
 11602 | D:8      | Noticed a two-headed ogre
 11613 | D:8      | Killed a two-headed ogre
 11959 | D:8      | Noticed a centaur warrior
 11979 | D:8      | Killed a centaur warrior
 12269 | Lair:1   | Entered Level 1 of the Lair of Beasts
 12304 | Lair:1   | Reached skill level 1 in Axes
 12322 | Lair:1   | Reached XP level 11. HP: 54/84 MP: 11/11
 12416 | Lair:1   | Learned a level 1 spell: Sting
 12652 | Lair:1   | Gained mutation: You cannot be stealthy. [Ru sacrifice]
 12867 | Lair:1   | Noticed a six-headed hydra
 12939 | Lair:1   | HP: 1/84 [seven-headed hydra (11)]
 12940 | Lair:1   | Slain by a seven-headed hydra

Illustrated notes

Levels and vault maps discovered:
D:1:      wander_arrival_chamber, layout_basic, minivault_4
D:2:      wander_river, layout_loops_ring, okawaru_gym_becter, minmay_puff,
          uniq_terence
D:3:      kennysheep_six_static_rooms, layout_basic, serial_park_tiny_pond
D:4:      layout_basic, nicolae_ossuary_entry_ruins, led_xom_imps
D:5:      layout_basic, grunt_ministairs_13, grunt_dithmenos_smoke_and_mirrors,
          uniq_edmund
D:6:      layout_basic, serial_rivers, chequers_serial_rivers_small_3,
          chequers_serial_rivers_room_a, chequers_serial_rivers_large_b,
          chequers_serial_rivers_micro_d, trog_hazing_becter
D:7:      minmay_the_grid_square_5x5_3x3 [minmay_the_grid_square_5x5_checkered,
          minmay_the_grid_square_5x5_shrine2, minmay_the_grid_square_5x5_forky,
          minmay_the_grid_square_5x5_checkered_sparse,
          minmay_the_grid_square_5x5_megaprize_checkered,
          minmay_the_grid_square_5x5_slash,
          minmay_the_grid_square_5x5_eight_small,
          minmay_the_grid_square_5x5_plus,
          minmay_the_grid_square_5x5_intrusive_squares], layout_gridville,
          minmay_temple_entry_ruins, uniq_menkaure
D:8:      layout_basic, dpeg_oklobed_lair, abandoned_shop
Temple:   roderic_octagonal_lattice_temple
Lair:1:   layout_layer_cave

Skill      XL: |  1  2  3  4  5  6  7  8  9 10 11 |
---------------+----------------------------------+-----
Maces & Flails | 3 4 5 6 8 9 |  9.8
Dodging        | 3 4 |  4.9
Armour         | 1 2 3 4 5 |  5.8
Fighting       | 3 4 5 6 7 |  7.4
Bows           | 2 5 7 |  7.7
Axes           | 1 2 |  2.7
Throwing       | |  1.7
Spellcasting   | |  0.2
Transmutations | |  0.1
Poison Magic   | |  0.2

Action                   |  1- 3 |  4- 6 |  7- 9 | 10-12 || total
-------------------------+-------+-------+-------+-------++-------
Melee: Flail             |   119 |   225 |   394 |    68 ||   806
       Kick              |    16 |    73 |   131 |     2 ||   222
       Broad axe         |       |       |       |    42 ||    42
       Executioner's axe |       |       |       |     7 ||     7
 Fire: Shortbow          |       |       |   126 |   123 ||   249
 Cast: Sting             |       |       |       |     1 ||     1
Invok: Sacrifice Stealth |       |       |       |     1 ||     1
  Use: Scroll            |     2 |    11 |    10 |     3 ||    26
       Potion            |       |       |     2 |     4 ||     6
 Stab: Sleeping          |     1 |       |       |       ||     1
       Invisible         |       |       |       |     1 ||     1
Armor: Leather armour    |    64 |       |    12 |       ||    76
       Scale mail        |     8 |   123 |    90 |       ||   221
       Chain mail        |       |       |    11 |    25 ||    36
       Ring mail         |       |       |       |    41 ||    41
Dodge: Dodged            |   128 |   199 |   297 |    98 ||   722

Table legend: (Time is in decaauts)
 A = Elapsed time spent in this place.
 B = Non-inter-level travel time spent in this place.
 C = Inter-level travel time spent in this place.
 D = Time resting spent in this place.
 E = Time spent auto-exploring this place.
 F = Levels seen in this place.
 G = Mean time per level.
                   A        B        C        D        E       F      G
               +--------+--------+--------+--------+--------+-----+--------+
         Total |  13065 |  12706 |    359 |    544 |   9163 |  11 | 1187.7 |
       Dungeon |  10977 |  10642 |    335 |    444 |   7699 |   8 | 1372.1 |
        Temple |    265 |    242 |     23 |      0 |    239 |   1 |  265.0 |
          Lair |    678 |    678 |      0 |      0 |    506 |   1 |  678.0 |
       Ossuary |   1143 |   1143 |      0 |    100 |    719 |   1 | 1143.0 |
               +--------+--------+--------+--------+--------+-----+--------+

Top non-repeatable levels by time:
     D:7: 1968 daAuts
     D:6: 1601 daAuts
     D:1: 1593 daAuts
     D:8: 1448 daAuts
     D:2: 1285 daAuts
     D:3: 1235 daAuts
 Ossuary: 1143 daAuts
     D:5: 1039 daAuts
     D:4: 805 daAuts
  Lair:1: 678 daAuts
  Temple: 265 daAuts
